 Dungeon Crawl Stone Soup version 0.26-a0-665-gefeb406119 (console) character file.

Game seed: 9291494236864629235

1187 om the Cudgeler (level 8, -7/83 HPs)
             Began as an Ogre Berserker on Oct 14, 2020.
             Was a Priest of Trog.
             Mangled by a wight
             ... wielding a +0 dire flail
              (11 damage)
             ... on level 6 of the Dungeon.
             The game lasted 00:09:04 (8816 turns).

om the Cudgeler (Ogre Berserker)                    Turns: 8816, Time: 00:09:04

Health: -7/83      AC:  4    Str: 23    XL:     8   Next: 43%
Magic:  8/8        EV: 11    Int:  9    God:    Trog [***...]
Gold:   193        SH:  0    Dex:  8    Spells: 7/7 levels left

rFire    . . .     SeeInvis .   j - +8 club
rCold    . . .     Faith    .   (no shield)
rNeg     . . .     Spirit   .   b - +0 animal skin
rPois    .         Reflect  .   (helmet restricted)
rElec    .         Harm     .   v - +0 cloak
rCorr    .         Rampage  .   (gloves unavailable)
MR       .....                  (boots unavailable)
Stlth    +.........             (no amulet)
HPRegen  0.23/turn              (no ring)
MPRegen  0.11/turn              (no ring)

@: about to teleport, berserk cooldown, slowed, heavily drained, very slow
A: large, unfitting armour, tough skin 1
a: Berserk, Trog's Hand, Renounce Religion


You were on level 6 of the Dungeon.
You worshipped Trog.
Trog was most pleased with you.
You visited 1 branch of the dungeon, and saw 6 of its levels.

You collected 193 gold pieces.

Inventory:

Hand Weapons
 a - a +0 mace
 h - a +0 flail
 j - a +8 club (weapon)
Missiles
 r - 9 large rocks (quivered)
Armour
 b - a +0 animal skin (worn)
 v - a +0 cloak (worn)
Jewellery
 l - an uncursed ring of poison resistance {unknown}
 x - a cursed -4 ring of intelligence {unknown}
Wands
 o - a wand of random effects (15)
 w - a wand of polymorph (6)
Scrolls
 c - 3 scrolls of teleportation
 d - 2 scrolls of fear {unknown}
 e - 2 scrolls of enchant weapon {unknown}
 f - a scroll of random uselessness {unknown}
 g - 3 scrolls of remove curse {unknown}
 s - a scroll of enchant armour {unknown}
 t - 2 scrolls of amnesia {unknown}
 u - a scroll of blinking {unknown}
Potions
 i - a potion of ambrosia
 k - 2 potions of flight
 m - a potion of curing
 n - a potion of brilliance {unknown}
 p - a potion of lignification {unknown}
 q - a potion of heal wounds {unknown}


   Skills:
 - Level 6.0(4.4) Fighting
 * Level 7.0(5.4) Maces & Flails
 * Level 6.0(4.5) Dodging


You had 7 spell levels left.
You didn't know any spells.
Your spell library was empty.

Dungeon Overview and Level Annotations

Branches:
Dungeon (6/15)             Temple (0/1) D:4

Altars:
Cheibriados
Elyvilon
Makhleb
Okawaru
Qazlal
Xom
The Shining One

Shops:
D:5 *


Innate Abilities, Weirdness & Mutations

You are too large for most types of armour.
You have tough skin. (AC +1)


Message History

The wight barely misses you. x2
You closely miss the wight.
The wight is heavily damaged.
The wight hits you from afar with a +0 halberd!
The wight hits you with a +0 dire flail!
You feel drained. The wight closely misses you.
You are too injured to fight recklessly!
You hit the wight but do no damage.
The wight hits you but does no damage. x2
The wight hits you with a cursed +4 trident!
* * * LOW HITPOINT WARNING * * *
You feel drained.
* * * LOW HITPOINT WARNING * * *
Okay, then.
As you read the scroll of teleportation, it crumbles to dust.
You feel strangely unstable. The wight closely misses you. x2
The wight hits you with a cursed +4 trident!
* * * LOW HITPOINT WARNING * * *
The wight closely misses you.
The wight hits you with a +0 dire flail!
You die...

..# #..##
#...####
#......##
#.......
##.....#
###..z..#
#....)@##
######.z#
#.z# #..##
#...####
##?.....#
#.......# ..#
#.....).#
#..#
##.......#
#..
#.....(....#
#.
##.........##
#


You could see 3 wights.

Vanquished Creatures
  Eustachio (D:4)
  An ice beast (D:5)
  A centaur (D:5)
  A bullfrog (D:4)
  2 scorpions
  A wight (D:6)
  A howler monkey (D:5)
  A crimson imp (D:2)
  A bullfrog zombie (D:5)
  2 hounds
  Crazy Yiuf (D:4)
  Terence (D:2)
  Jessica (D:2)
  An iguana (D:4)
  Natasha (thrice) (D:2)
  4 worker ants
  6 adders
  3 gnolls (D:3)
  3 oozes
  An adder zombie (D:5)
  4 worms
  6 dart slugs
  4 leopard geckos
  9 orcs
  8 bats
  5 giant cockroaches
  7 goblins
  4 hobgoblins
  6 jackals
  8 kobolds
  5 quokkas
  13 frilled lizards
  A leopard gecko skeleton (D:4)
  5 rats
121 creatures vanquished.

Vanquished Creatures (others)
  31 plants
31 creatures vanquished.

Grand Total: 152 creatures vanquished

Notes
Turn   | Place    | Note
-------+----------+-------------------------------------------
     0 | D:1      | om the Ogre Berserker began the quest for the Orb.
     0 | D:1      | Reached XP level 1. HP: 24/24 MP: 1/1
   110 | D:1      | Reached skill level 3 in Maces & Flails
   110 | D:1      | Reached XP level 2. HP: 32/32 MP: 2/2
   242 | D:1      | Reached XP level 3. HP: 13/40 MP: 3/3
   739 | D:1      | Reached ** piety under Trog
  1342 | D:2      | Noticed Terence
  1359 | D:2      | Killed Terence
  1359 | D:2      | Reached XP level 4. HP: 42/49 MP: 4/4
  1731 | D:2      | Noticed Jessica
  1750 | D:2      | Killed Jessica
  1750 | D:2      | Reached skill level 5 in Fighting
  1750 | D:2      | Reached skill level 4 in Maces & Flails
  1750 | D:2      | Reached XP level 5. HP: 26/57 MP: 5/5
  2545 | D:2      | Reached *** piety under Trog
  2792 | D:2      | Noticed Natasha
  2797 | D:2      | Killed Natasha
  3066 | D:2      | Found a burning altar of Makhleb.
  3072 | D:2      | Reached XP level 6. HP: 59/66 MP: 6/6
  3521 | D:2      | Noticed Natasha
  3527 | D:2      | Killed Natasha
  3881 | D:2      | Found a burning altar of Makhleb.
  4175 | D:2      | Noticed Natasha
  4180 | D:2      | Killed Natasha
  5228 | D:3      | Found a white marble altar of Elyvilon.
  5230 | D:3      | Found a glowing golden altar of the Shining One.
  5232 | D:3      | Found a stormy altar of Qazlal.
  5233 | D:3      | Found a snail-covered altar of Cheibriados.
  5236 | D:3      | Found a shimmering altar of Xom.
  5238 | D:3      | Found an iron altar of Okawaru.
  5340 | D:3      | Reached skill level 5 in Maces & Flails
  5683 | D:4      | Found a staircase to the Ecumenical Temple.
  6206 | D:4      | Found a runed translucent door.
  6207 | D:4      | Noticed Crazy Yiuf
  6238 | D:4      | Reached XP level 7. HP: 60/75 MP: 7/7
  7072 | D:4      | Noticed Eustachio
  7110 | D:4      | Killed Eustachio
  7110 | D:4      | Reached skill level 6 in Maces & Flails
  7530 | D:4      | Killed Crazy Yiuf
  7622 | D:5      | Entered Level 5 of the Dungeon
  7654 | D:5      | Reached skill level 5 in Dodging
  7926 | D:5      | Reached XP level 8. HP: 83/83 MP: 8/8
  7976 | D:5      | Reached **** piety under Trog
  8448 | D:5      | Found Picyozuy's Practical Paraphernalia.
  8809 | D:6      | Reached skill level 7 in Maces & Flails
  8816 | D:6      | HP: 4/83 [wight/cursed +4 trident (9)]
  8816 | D:6      | Mangled by a wight

Illustrated notes

Levels and vault maps discovered:
D:1:      mrwooster_arrival_statue_3, layout_basic, minmay_lizard_king
D:2:      layout_basic, makhleb_grotto_becter, uniq_natasha, uniq_jessica,
          uniq_terence
D:3:      layout_basic, minitemple
D:4:      layout_loops_corners, minmay_temple_entry_ruins,
          serial_bayou_lagoon_a, uniq_crazy_yiuf_cottage, uniq_eustachio
D:5:      layout_rooms, serial_bayou, serial_bayou_pond_d, serial_bayou_ford_a,
          serial_bayou_pond_b, serial_bayou_shore_b, serial_bayou_pond_d,
          serial_bayou_shore_b, nicolae_alphabet_shops
D:6:      layout_layer_cave, basic_altar, chequers_serial_rivers_micro_b,
          chequers_serial_rivers_marsh, nicolae_ru_awakened_eye

Skill      XL: |  1  2  3  4  5  6  7  8 |
---------------+-------------------------+-----
Maces & Flails | 3 4 5 6 7 |  7.0
Dodging        | 3 4 5 6 |  6.0
Fighting       | 5 6 |  6.0

Action                   |  1- 3 |  4- 6 |  7- 9 || total
-------------------------+-------+-------+-------++-------
Melee: Mace              |   135 |       |       ||   135
       Flail             |       |    26 |       ||    26
       Club              |       |   153 |   126 ||   279
Invok: Berserk           |     6 |     3 |     4 ||    13
  Use: Scroll            |       |       |     5 ||     5
Armor: Animal skin       |    54 |    29 |    24 ||   107
Dodge: Dodged            |    91 |   118 |    89 ||   298

Table legend: (Time is in decaauts)
 A = Elapsed time spent in this place.
 B = Non-inter-level travel time spent in this place.
 C = Inter-level travel time spent in this place.
 D = Time resting spent in this place.
 E = Time spent auto-exploring this place.
 F = Levels seen in this place.
 G = Mean time per level.
                   A        B        C        D        E       F      G
               +--------+--------+--------+--------+--------+-----+--------+
         Total |   8966 |   8819 |    147 |   3065 |   4808 |   6 | 1494.3 |
       Dungeon |   8966 |   8819 |    147 |   3065 |   4808 |   6 | 1494.3 |
               +--------+--------+--------+--------+--------+-----+--------+

Top non-repeatable levels by time:
     D:2: 3232 daAuts
     D:4: 2185 daAuts
     D:3: 1282 daAuts
     D:5: 1106 daAuts
     D:1: 1055 daAuts
     D:6: 104 daAuts
